 Dungeon Crawl Stone Soup version 0.23.0 (webtiles) character file.

Game seed: 14759387111813807626

434 misha the Cudgeler (level 6, 0/56 HPs)
             Began as a Minotaur Gladiator on Feb 17, 2019.
             Slain by a sky beast (5 damage)
             ... on level 3 of the Dungeon.
             The game lasted 00:28:45 (4165 turns).

misha the Cudgeler (Minotaur Gladiator)             Turns: 4165, Time: 00:28:46

Health: 0/56       AC:  3    Str: 21    XL:     6   Next: 68%
Magic:  5/5        EV: 13    Int:  5    God:
Gold:   241        SH:  0    Dex: 11    Spells: 5/5 levels left

rFire    . . .     SeeInvis .   a - +0 flail
rCold    . . .     Gourm    .   (no shield)
rNeg     + . .     Faith    .   o - +0 leather armour
rPois    .         Spirit   .   c - +0 hat
rElec    .         Reflect  .   (no cloak)
rCorr    .         Harm     .   (no gloves)
MR       .....                  (no boots)
Stlth    +.........             (no amulet)
HPRegen  0.18/turn              t - ring of positive energy
MPRegen  0.09/turn              (no ring)

@: no status effects
A: retaliatory headbutt, horns 2
a: no special abilities


You were on level 3 of the Dungeon.
You were hungry.

You visited 1 branch of the dungeon, and saw 4 of its levels.

You collected 241 gold pieces.

Inventory:

Hand Weapons
 a - a +0 flail (weapon)
 w - a +1 hand axe of chopping
 y - a +2 quarterstaff of chaos
Missiles
 b - 4 needles of confusion
 d - 8 large rocks
Armour
 c - a +0 hat (worn)
 o - a +0 leather armour (worn)
 p - a +0 cloak
 q - a +0 buckler
 s - a +0 helmet
 v - a +0 pair of gloves
Magical Staves
 r - an uncursed staff of wizardry
Jewellery
 t - a ring of positive energy (left hand)
Scrolls
 e - 3 scrolls of identify
 i - a scroll of enchant weapon {unknown}
 j - a scroll of remove curse {unknown}
 A - 3 scrolls of teleportation {unknown}
Potions
 g - 3 potions of brilliance {unknown}
 k - a potion of agility {unknown}
 l - a potion of lignification {unknown}
 m - a potion of flight
 n - a potion of mutation {unknown}
 u - 3 potions of curing {unknown}
 x - a potion of haste {unknown}
 z - a potion of invisibility {unknown}
 B - a potion of heal wounds {unknown}
Comestibles
 f - 3 rations


   Skills:
 * Level 5.5 Fighting
 + Level 5.5 Maces & Flails
 * Level 2.8 Throwing
 - Level 3.3 Armour
 - Level 4.0 Dodging
 - Level 0.2 Stealth


You had 5 spell levels left.
You didn't know any spells.
Your spell library contained the following spells:

 Spells                   Type           Power        Failure   Level  Hunger
 Confusing Touch          Hex            #.....       52%         1    ##.....
 Confuse                  Hex            #.......     88%         3    ####...
 Gell's Gravitas          Tloc           #.........   88%         3    ####...
 Petrify                  Tmut/Erth      #.......     99%         4    #####..
 Metabolic Englaciation   Hex/Ice        #.........   100%        5    ######.
 Yara's Violent Unravell  Hex/Tmut       #.........   100%        5    ######.


Dungeon Overview and Level Annotations

Branches:
Dungeon (4/15)
 Temple: D:4-7

Altars:
Yredelemnul

Shops:
D:4 (


Innate Abilities, Weirdness & Mutations

You reflexively headbutt those who attack you in melee.
You have a pair of horns on your head.


Message History

[Y]es or [N]o only, please.
Keep equipping yourself? [Y]es or [N]o only, please.
Keep equipping yourself? [Y]es or [N]o only, please.
Keep equipping yourself? [Y]es or [N]o only, please.
Keep equipping yourself?
Uppercase [Y]es or [N]o only, please.
Keep equipping yourself?
You stop putting on your armour.
* * * LOW HITPOINT WARNING * * *
The sky beast shocks you.
* * * LOW HITPOINT WARNING * * *
You are too injured to fight recklessly!
You are too injured to fight recklessly!
As you read the scroll labeled JUKKIU UNYO, it crumbles to dust.
You feel aware of your surroundings.
It was a scroll of magic mapping.
The sky beast hits you.
You die...

...#,,,,+*+***,,#########+####...
...#,,,,**,,,**+#..######..###...
..##*,,**,,,,,*#...†(............
..#**+**,,,,,,,#....#..###.###.##
..#*,,**,,,8,,,##..###.#.....#.#
..#,,,,*,,,,,,,##'####+#†#.#.#.#
###,,,,**,,,,,##..###....#<#.#.#
**,,*+**,,,##....##....#.#.#.##
****,,***+#'Y@..##.†))#...#...
*,,,,*#.)##..###..÷.#...#.##
*,,,,+...,#### ##+#.#...#...
**,,*#...,#######.#.....#...
****##..*#..........#..#...
###*#.............#.##
#..........##...##
#..........###..##
#..........###..##


You could see a sky beast.

Vanquished Creatures
  A phantom (D:4)
  A hound (D:4)
  Crazy Yiuf (D:2)
  2 iguanas (D:4)
  2 hound skeletons (D:4)
  4 gnolls (D:3)
  6 adders
  An ooze (D:1)
  3 worms
  2 dart slugs
  3 leopard geckos
  16 orcs
  3 giant cockroaches
  10 goblins
  9 hobgoblins
  7 jackals
  8 kobolds
  2 ball pythons
  6 bats
  8 frilled lizards
  A quokka skeleton (D:4)
  A rat (D:3)
97 creatures vanquished.

Notes
Turn   | Place    | Note
-------+----------+-------------------------------------------
     0 | D:1      | misha the Minotaur Gladiator began the quest for the Orb.
     0 | D:1      | Reached XP level 1. HP: 18/18 MP: 0/0
   131 | D:1      | Reached XP level 2. HP: 11/25 MP: 1/1
  1341 | D:2      | Reached XP level 3. HP: 18/30 MP: 2/2
  1679 | D:2      | Reached skill level 1 in Armour
  2015 | D:2      | Found a runed translucent door.
  2016 | D:2      | Noticed Crazy Yiuf
  2024 | D:2      | Killed Crazy Yiuf
  2024 | D:2      | Reached XP level 4. HP: 3/38 MP: 3/3
  2412 | D:2      | Found a basalt altar of Yredelemnul.
  2435 | D:2      | You fall through a shaft for 2 floors!
  2605 | D:4      | Noticed a phantom
  2619 | D:4      | Killed a phantom
  2619 | D:4      | Reached skill level 5 in Maces & Flails
  2619 | D:4      | Reached XP level 5. HP: 30/46 MP: 4/4
  3074 | D:4      | Reached XP level 6. HP: 53/53 MP: 5/5
  3110 | D:4      | Found Keptesk's Antique Weapon Boutique.
  3409 | D:3      | Reached skill level 5 in Fighting
  3443 | D:3      | Found a faded altar of an unknown god.
  4144 | D:3      | Noticed a sky beast
  4165 | D:3      | Slain by a sky beast

Skill      XL: |  1  2  3  4  5  6 |
---------------+-------------------+-----
Maces & Flails | 4 5 |  5.5
Dodging        | 4 |  4.0
Armour         | 1 3 |  3.3
Fighting       | 3 4 5 |  5.5
Throwing       | |  2.8
Stealth        | |  0.2

Action                   |  1- 3 |  4- 6 || total
-------------------------+-------+-------++-------
Melee: Flail             |    60 |    93 ||   153
       Headbutt          |    13 |    22 ||    35
       Quarterstaff      |       |    41 ||    41
       Staff             |       |     6 ||     6
Throw: Throwing net      |       |     7 ||     7
  Use: Scroll            |     1 |     1 ||     2
 Stab: Sleeping          |       |     1 ||     1
       Held in net/web   |       |     2 ||     2
       Paralysed         |       |     1 ||     1
  Eat: Ration            |     1 |       ||     1
       Chunk             |       |     6 ||     6
Armor: Leather armour    |     7 |    24 ||    31
Dodge: Dodged            |    71 |    97 ||   168
